 Dungeon Crawl Stone Soup version 0.17-a0-1954-g0dddeaa (webtiles) character file.

28 George the Slasher (level 2, 0/22 HPs)
             Began as a Demonspawn Gladiator on Oct 3, 2015.
             Succumbed to an adder's poison
             ... on level 1 of the Dungeon.
             The game lasted 00:02:01 (1241 turns).

George the Slasher (Demonspawn Gladiator)           Turns: 1241, Time: 00:02:01

Health: 0/22       AC:  6    Str: 15      XL:     2   Next: 96%
Magic:  2/2        EV: 18    Int:  7 (9)  God:
Gold:   86         SH:  2    Dex: 18      Spells: 0 memorised, 1 level left

rFire  . . .     SeeInvis .     a - +0 long sword
rCold  . . .     Clarity  .     b - +0 leather armour
rNeg   . . .     SustAt   .     (no shield)
rPois  .         Gourm    .     c - +0 helmet
rElec  .         Spirit   .     (no cloak)
rCorr  .         Warding  .     (no gloves)
rMut   .         Stasis   .     (no boots)
MR     .....                    i - amulet of rage
Stlth  +++.......               (no ring)
                                o - ring of stealth

@: agile, lethally poisoned (0 -> -7), very slightly contaminated, hasted, very
quick, not resistant to hostile enchantments, fairly stealthy
A: large bone plates 1
a: Evoke Berserk Rage


You were on level 1 of the Dungeon.
You were very hungry.

You visited 1 branch of the dungeon, and saw 2 of its levels.

You collected 86 gold pieces.

Inventory:

Hand weapons
 a - a +0 long sword (weapon)
Missiles
 d - 3 throwing nets (quivered)
Armour
 b - a +0 leather armour (worn)
 c - a +0 helmet (worn)
Jewellery
 i - an amulet of rage (around neck)
 o - a ring of stealth (left hand)
Scrolls
 f - 3 scrolls of identify {unknown}
 g - a scroll of enchant weapon {unknown}
 j - a scroll of blinking {unknown}
 k - a scroll of amnesia {unknown}
 l - a scroll of noise {unknown}
 p - a scroll of teleportation {unknown}
Potions
 h - a potion of degeneration
Comestibles
 e - a bread ration


   Skills:
 - Level 2.0 Fighting
 + Level 3.8 Long Blades
 - Level 1.7 Throwing
 - Level 2.6 Dodging


You had one spell level left.
You didn't know any spells.

Dungeon Overview and Level Annotations

Branches:
Dungeon (2/15)

Altars:


Innate Abilities, Weirdness & Mutations

You are partially covered in large bone plates (AC +2, SH +2).


Message History

It was a potion of degeneration.
There was something very wrong with that liquid.
You feel dopey. The adder closely misses you. The adder barely misses you.
The adder bites you.
* * * LOW HITPOINT WARNING * * *
You are more poisoned.
The adder poisons you! The adder misses you. The goblin hits you.
* * * LOW HITPOINT WARNING * * *
Drink which item? (? for menu, Esc to quit)
It was a potion of haste.
You feel yourself speed up.
* * * LOW HITPOINT WARNING * * *
You feel sick. The adder completely misses you.
The adder bites you but does no damage. The goblin barely misses you.
You are very lightly contaminated with residual magic.
Drink which item? (? for menu, Esc to quit)
It was a potion of agility.
You feel agile all of a sudden. The adder closely misses you. x2
You hit the adder but do no damage.
You die...

......# #.# #.#.......###.#.##
.(....# #.# #.#.###..## #.#.##
......# #.# #.#.# #..# #.#.##
###########.# #.### #..# #.#.##
............# #.# #..# #.#.##
............# #.# #..# #.#.##
.#########.## #.# #..# #.#.##
.#########.#####S# #..####.....
.>...........)wg@# #....####.##
#.#######..###.#S#############.##
#.## #..# #..g..............##
#..######..#####.###.############
.................###..# #
.#.####.#.#...#####...# #
....###.#.#..##≈≈≈##..# #
..#.#...#.#.##≈≈P≈≈##.# #
..#...#.#)###≈≈≈.≈≈≈### #


You could see a worm, 2 adders, a hobgoblin and a goblin.

Vanquished Creatures
  4 bats (D:1)
  A giant cockroach (D:1)
  5 goblins (D:1)
  2 hobgoblins (D:1)
  4 kobolds (D:1)
  A giant gecko (D:1)
  3 giant newts (D:1)
  7 rats (D:1)
27 creatures vanquished.

Notes
Turn   | Place    | Note
--------------------------------------------------------------
     0 | D:1      | George the Demonspawn Gladiator began the quest for the Orb.
     0 | D:1      | Reached XP level 1. HP: 16/16 MP: 1/1
   113 | D:1      | Reached skill level 3 in Long Blades
   411 | D:1      | Gained mutation: You are partially covered in large bone plates (AC +2, SH +2). [demonic ancestry]
   411 | D:1      | Reached XP level 2. HP: 22/22 MP: 2/2
  1239 | D:1      | HP: 1/22 [poisoned by an adder]
  1241 | D:1      | Succumbed to an adder's poison

Vault maps used:
D:1:      lightli_arrival_statuegarden
D:2:      hangedman_decor_peaks_small, uniq_natasha

Action                   || total
-------------------------++-------
Melee: Long sword        ||    69
  Use: Potion            ||     3
